 Dungeon Crawl Stone Soup version 0.26-a0-667-g92642533e4 (webtiles) character file.

Game seed: 4639330122682469784

25412 Peloso the Carver (level 12, -4/110 HPs)
             Began as a Minotaur Fighter on Oct 17, 2020.
             Was a High Priest of Okawaru.
             Killed from afar by Azrael (31 damage)
             ... with damnation
             ... on level 12 of the Dungeon.
             The game lasted 00:36:09 (14498 turns).

Peloso the Carver (Minotaur Fighter)               Turns: 14498, Time: 00:36:10

Health: -4/110     AC: 24    Str: 24    XL:     12   Next: 89%
Magic:  11/11      EV: 12    Int:  5    God:    Okawaru [*****.]
Gold:   685        SH: 16    Dex: 17    Spells: 11/11 levels left

rFire    + . .     SeeInvis .   a - +5 falchion
rCold    + . .     Faith    .   c - +2 kite shield {reflect}
rNeg     . . .     Spirit   .   k - +7 chain mail of the Elven Halls {rF- rC+ Dex+5}
rPois    .         Reflect  +   (helmet restricted)
rElec    .         Harm     .   m - +0 cloak
rCorr    .         Rampage  .   g - +0 pair of gloves
MR       .....                  P - +0 pair of boots {Fly}
Stlth    ..........             (no amulet)
HPRegen  0.28/turn              J - ring of protection from fire
MPRegen  0.12/turn              i - ring of protection from fire

@: liquid flames, flying, glowing, studying Transmutations
A: retaliatory headbutt, horns 2
a: Heroism, Finesse, Renounce Religion


You were on level 12 of the Dungeon.
You worshipped Okawaru.
Okawaru was extremely pleased with you.
You visited 2 branches of the dungeon, and saw 13 of its levels.
You also visited: Ossuary and Gauntlet.

You collected 740 gold pieces.
You spent 55 gold pieces at shops.

Inventory:

Hand Weapons
 a - a +5 falchion (weapon)
 b - a +0 long sword of holy wrath
Missiles
 N - 50 bolts
Armour
 c - a +2 kite shield of reflection (worn)
 g - a +0 pair of gloves (worn)
 k - the +7 chain mail of the Elven Halls (worn) {rF- rC+ Dex+5}
   (You took it off a minotaur in a Gauntlet)

   It affects your dexterity (+5).
   It makes you vulnerable to fire.
   It protects you from cold.
 m - a +0 cloak (worn)
 P - a +0 pair of boots of flying (worn)
 U - the +1 ring mail "Riselem" {rPois Slay+5 Stlth+}
   (Okawaru gifted it to you on level 12 of the Dungeon)

   It affects your accuracy and damage with ranged weapons and melee attacks
   (+5).
   It protects you from poison.
   It makes you more stealthy.
Jewellery
 i - a ring of protection from fire (right hand)
 j - an uncursed ring of wizardry
 p - an uncursed amulet of guardian spirit
 v - an uncursed amulet of magic regeneration
 A - the ring of Awe {Ice rN+ Dex+4 Stlth-}
   (You found it in a Gauntlet)

   [ring of ice]

   It enhances your ice magic.
   It affects your dexterity (+4).
   It makes you vulnerable to fire.
   It protects you from cold.
   It protects you from negative energy.
   It makes you less stealthy.
 H - an uncursed amulet of regeneration
 J - a ring of protection from fire (left hand)
 M - an uncursed ring of magical power
 V - a +4 ring of slaying {unknown}
Wands
 x - a wand of polymorph (22)
 B - a wand of disintegration (12)
 C - a wand of flame (55)
 R - a wand of random effects (6)
 T - a wand of paralysis (13)
 W - a wand of iceblast (7)
Scrolls
 d - 2 scrolls of identify
 h - 3 scrolls of magic mapping
 l - 2 scrolls of blinking
 o - 2 scrolls of enchant armour
 r - a scroll of summoning {unknown}
 s - 6 scrolls of teleportation
 w - 4 scrolls of enchant weapon {unknown}
 y - 4 scrolls of remove curse
 E - a scroll of torment {unknown}
 F - a scroll of vulnerability {unknown}
 I - a scroll of amnesia {unknown}
 L - a scroll of fog {unknown}
 O - a scroll of immolation {unknown}
Potions
 e - 2 potions of stabbing
 f - 2 potions of cancellation
 n - 7 potions of curing
 q - 2 potions of berserk rage
 t - a potion of might
 u - 2 potions of mutation
 z - a potion of invisibility {unknown}
 D - a potion of ambrosia {unknown}
 G - 3 potions of flight
 K - a potion of magic
Books
 Q - a manual of Transmutations
Miscellaneous
 S - a box of beasts (3/3)


   Skills:
 + Level 11.2 Fighting
 + Level 14.5 Long Blades
 + Level 12.1 Armour
 + Level 5.9 Dodging
 + Level 1.2 Stealth
 + Level 13.0 Shields
 + Level 0.7 Invocations
 + Level 0.5 Evocations


You had 11 spell levels left.
You didn't know any spells.
Your spell library contained the following spells:

 Spells                   Type           Power        Failure   Level
 Beastly Appendage        Tmut           #.....       97%         1
 Magic Dart               Conj           #...         97%         1
 Blink                    Tloc           N/A          99%         2
 Call Imp                 Summ           #.......     99%         2
 Passwall                 Tmut/Erth      #.......     99%         2
 Slow                     Hex            #.......     99%         2
 Wereblood                Tmut           #.......     99%         2
 Conjure Flame            Conj/Fire      #.......     100%        3
 Mephitic Cloud           Conj/Pois/Air  #.......     100%        3
 Spider Form              Tmut/Pois      #.........   100%        3
 Ice Form                 Ice/Tmut       #.......     100%        4
 Blade Hands              Tmut           #.........   100%        5
 Hydra Form               Tmut           #.........   100%        6


Dungeon Overview and Level Annotations

Branches:
Dungeon (12/15)            Temple (1/1) D:4             Orc (0/2) D:10
Ossuary (visited)         Gauntlet (visited)
   Lair: D:8-11

Altars:
Ashenzari
Cheibriados
Dithmenos
Elyvilon
Fedhas
Gozag
Hepliaklqana
Kikubaaqudgha
Makhleb
Nemelex Xobeh
Okawaru
Qazlal
Ru
Sif Muna
Trog
Uskayaw
Vehumet
Wu Jian
Xom
Yredelemnul
Zin
The Shining One
Beogh

Shops:
D:9 !

Annotations:
D:11 2 transporters, Puiliosch's ghost, journeyman SpBr
D:12 Azrael


Innate Abilities, Weirdness & Mutations

You reflexively headbutt those who attack you in melee.
You have a pair of horns on your head.


Message History

Azrael gestures at you. The bolt of fire hits you! You resist.
* * * LOW HITPOINT WARNING * * *
You completely miss Azrael.
Azrael is lightly wounded.
Azrael gestures at you.
The sticky flame hits you but does no damage.
You are covered in liquid flames!
You hit Azrael. Your headbutt misses Azrael.
Azrael is lightly wounded.
You are covered in liquid flames!
* * * LOW HITPOINT WARNING * * *
Unknown command.
Unknown command.
You feel better.
You are covered in liquid flames!
* * * LOW HITPOINT WARNING * * *
Azrael gestures at you.
The sphere of damnation explodes!
The damnation engulfs you!!
You die...

#..# #.#
*,,* *,*
#<.# #.#
*..# *,*
#..# #.#
*..# *,*
#>?# #.#
*..# *,*
#..# #.#
*..# *,*
#..# #.#
*..# *,*
#..# #.#
*..# *,*
#..#
#.#######..#
*,* #..#
#......†@R.#
*,* ####
############
***


You could see Azrael.

Vanquished Creatures
  A minotaur (Gauntlet)
  Josephine (D:11)
  A catoblepas (Gauntlet)
  3 two-headed ogres
  A tengu warrior (D:11)
  An unseen horror (D:12)
  An orc knight (D:11)
  2 cyclopes
  An ugly thing (D:11)
  A moth of wrath (Gauntlet)
  A gargoyle (Gauntlet)
  A komodo dragon (D:8)
  A troll (D:11)
  4 slime creatures
  Grinder (D:3)
  A tyrant leech (Gauntlet)
  A shadow (D:10)
  A spriggan (D:12)
  3 fire elementals (D:12)
  9 wraiths
  2 wyverns
  22 yaks
  A steam dragon (D:11)
  Menkaure (Temple)
  3 swamp worms (Gauntlet)
  Duvessa (D:6)
  Edmund (D:4)
  2 water moccasins
  4 hell hounds (D:12)
  10 orc warriors
  2 black bears (D:9)
  3 phantoms
  7 ice beasts
  An eye of draining (D:12)
  7 ogres
  3 wolves (Gauntlet)
  12 bullfrogs
  A wyvern zombie (D:7)
  Dowan (D:6)
  A wyvern skeleton (D:9)
  5 scorpions
  20 killer bees
  2 troll zombies (D:10)
  20 wights
  2 howler monkeys
  2 electric eels (D:10)
  3 centaur zombies
  A quasit (D:9)
  2 bullfrog zombies
  6 centaur skeletons
  7 hounds
  2 jellies (D:5)
  7 orc priests
  11 orc wizards
  5 bullfrog skeletons
  3 iguanas
  Terence (D:3)
  15 worker ants
  Natasha (thrice) (D:3)
  6 ogre zombies (D:10)
  A worker ant zombie (D:11)
  11 adders
  A shadow imp (D:7)
  A white imp (D:9)
  2 ufetubi
  An ooze (D:7)
  2 adder zombies
  4 worms
  2 dart slugs
  6 leopard geckos
  62 orcs
  6 bats
  2 giant cockroaches
  5 goblins
  A hobgoblin (D:3)
  10 jackals
  2 quokkas
  A ball python (D:3)
  A ball python skeleton (Ossuary)
  6 frilled lizards
  4 goblin zombies (D:10)
  3 hobgoblin skeletons
  3 hobgoblin zombies
  2 kobolds
  3 kobold zombies (Ossuary)
  2 orc skeletons
  18 orc zombies
  2 quokka skeletons
  7 rats
415 creatures vanquished.

Vanquished Creatures (others)
  An adder skeleton (D:6)
  36 fungi (D:8)
  51 plants (D:8)
88 creatures vanquished.

Grand Total: 503 creatures vanquished

Notes
Turn   | Place    | Note
-------+----------+-------------------------------------------
     0 | D:1      | Peloso the Minotaur Fighter began the quest for the Orb.
     0 | D:1      | Reached XP level 1. HP: 19/19 MP: 0/0
   426 | D:1      | Reached XP level 2. HP: 26/27 MP: 1/1
  1290 | D:3      | Reached XP level 3. HP: 33/33 MP: 2/2
  1510 | D:3      | Reached XP level 4. HP: 38/41 MP: 3/3
  1515 | D:3      | Noticed Grinder
  1521 | D:3      | Reached skill level 3 in Long Blades
  1527 | D:3      | Paralysed by Grinder for 2 turns
  1533 | D:3      | Killed Grinder
  1533 | D:3      | Reached skill level 5 in Fighting
  1533 | D:3      | Reached skill level 4 in Long Blades
  1533 | D:3      | Reached skill level 5 in Armour
  1533 | D:3      | Reached skill level 5 in Shields
  1533 | D:3      | Reached XP level 5. HP: 22/48 MP: 4/4
  1533 | D:3      | Reached XP level 6. HP: 26/56 MP: 5/5
  1747 | D:3      | Noticed Natasha
  1752 | D:3      | Killed Natasha
  2026 | D:3      | Noticed Natasha
  2035 | D:3      | Reached skill level 5 in Long Blades
  2043 | D:3      | Killed Natasha
  2043 | D:3      | Reached skill level 1 in Dodging
  2117 | D:3      | Noticed Terence
  2130 | D:3      | Killed Terence
  2377 | D:3      | Noticed Natasha
  2385 | D:3      | Killed Natasha
  2674 | D:4      | Noticed Edmund
  2684 | D:5      | Entered Level 5 of the Dungeon
  2754 | D:5      | Reached XP level 7. HP: 43/61 MP: 6/6
  3406 | D:5      | Reached skill level 6 in Long Blades
  3980 | D:6      | Noticed Duvessa
  3980 | D:6      | Noticed Dowan
  3997 | D:6      | Killed Duvessa
  4004 | D:6      | Killed Dowan
  4080 | D:6      | Reached skill level 7 in Long Blades
  4080 | D:6      | Reached XP level 8. HP: 50/70 MP: 7/7
  4094 | D:6      | Found a sand-covered staircase.
  4225 | Ossuary  | Entered an ossuary
  4412 | Ossuary  | Noticed a flying skull
  4421 | Ossuary  | Noticed a flying skull
  4457 | Ossuary  | Noticed a flying skull
  4487 | Ossuary  | Noticed a flying skull
  4536 | Ossuary  | Noticed a flying skull
  4791 | D:6      | Reached skill level 8 in Long Blades
  5185 | D:6      | Found a stormy altar of Qazlal.
  5545 | D:7      | Reached XP level 9. HP: 55/78 MP: 6/8
  5809 | D:7      | Reached skill level 9 in Long Blades
  5855 | D:7      | Reached skill level 1 in Stealth
  7059 | D:8      | Reached skill level 10 in Long Blades
  7262 | D:8      | Noticed a komodo dragon
  7284 | D:8      | Killed a komodo dragon
  7396 | D:4      | Found a staircase to the Ecumenical Temple.
  7400 | D:4      | Reached XP level 10. HP: 88/88 MP: 9/9
  7427 | Temple   | Entered the Ecumenical Temple
  7482 | Temple   | Became a worshipper of Warmaster Okawaru
  7578 | D:4      | Noticed Menkaure
  7695 | Temple   | Killed Menkaure
  7885 | D:4      | Killed Edmund
  8508 | D:9      | Found Ela Siap's Distillery.
  8534 | D:9      | Reached * piety under Okawaru
  8587 | D:9      | Bought a potion of heal wounds for 55 gold pieces
  8616 | D:9      | Reached skill level 11 in Long Blades
  9335 | D:10     | Entered Level 10 of the Dungeon
  9503 | D:10     | Reached ** piety under Okawaru
  9622 | D:10     | Found a staircase to the Orcish Mines.
  9678 | D:10     | Reached skill level 10 in Shields
  9815 | D:10     | Reached skill level 10 in Armour
  9907 | D:10     | Reached *** piety under Okawaru
 10076 | D:10     | Reached XP level 11. HP: 97/97 MP: 10/10
 10619 | D:11     | Reached skill level 12 in Long Blades
 10715 | D:11     | Noticed a two-headed ogre
 10718 | D:11     | Noticed a brown ugly thing
 10727 | D:11     | Killed a two-headed ogre
 10736 | D:11     | Killed a brown ugly thing
 10736 | D:11     | Reached **** piety under Okawaru
 10781 | D:11     | Received a gift from Okawaru
 10856 | D:11     | Found a transporter.
 10856 | D:11     | Found a transporter.
 10856 | D:11     | Identified the cursed +1 long sword "Oleqaasmawk" {drain,
                  | Int+4}
 10856 | D:11     | Noticed a tengu warrior
 10858 | D:11     | Found a bloodstained altar of Trog.
 10858 | D:11     | Noticed Puiliosch's ghost (journeyman SpBr)
 10972 | D:11     | Reached skill level 13 in Long Blades
 11067 | D:11     | Reached ***** piety under Okawaru
 11097 | D:11     | Noticed Josephine
 11110 | D:11     | Noticed a tengu warrior
 11114 | D:11     | Killed Josephine
 11114 | D:11     | Received a gift from Okawaru
 11148 | D:11     | Killed a tengu warrior
 11217 | D:11     | Noticed a two-headed ogre
 11231 | D:11     | Killed a two-headed ogre
 11231 | D:11     | Reached skill level 10 in Fighting
 11461 | D:11     | Found a burning altar of Makhleb.
 11766 | D:11     | Reached skill level 14 in Long Blades
 11766 | D:11     | Reached XP level 12. HP: 85/106 MP: 11/11
 11822 | D:11     | Found a roughly hewn altar of Beogh.
 11871 | D:11     | Reached skill level 5 in Dodging
 12250 | D:12     | Found a gate leading to a gauntlet.
 12259 | Gauntlet | Entered a Gauntlet
 12259 | Gauntlet | Found a transporter.
 12259 | Gauntlet | Found a transporter.
 12259 | Gauntlet | Found a transporter.
 12281 | Gauntlet | Found a transporter.
 12291 | Gauntlet | Found a transporter.
 12294 | Gauntlet | Found a transporter.
 12303 | Gauntlet | Noticed a hell beast
 12304 | Gauntlet | Found a transporter.
 12324 | Gauntlet | Found a transporter.
 12341 | Gauntlet | Found a transporter.
 12342 | Gauntlet | Found a transporter.
 12345 | Gauntlet | Noticed a catoblepas
 12352 | Gauntlet | Found a transporter.
 12352 | Gauntlet | Found a transporter.
 12453 | Gauntlet | Got a smoking leather armour
 12464 | Gauntlet | Identified the +1 leather armour of a treasure trove {rC+}
                  | (You found it in a Gauntlet)
 12540 | Gauntlet | Killed a catoblepas
 12818 | Gauntlet | Got a clouded lapis lazuli ring
 12820 | Gauntlet | Identified the ring of Awe {Ice rN+ Dex+4 Stlth-} (You
                  | found it in a Gauntlet)
 12878 | Gauntlet | Identified the +7 chain mail of the Elven Halls {rF- rC+
                  | Dex+5}
 12878 | Gauntlet | Noticed a minotaur
 12896 | Gauntlet | Killed a minotaur
 12903 | Gauntlet | Identified the Volume of Shape Shifting
 13183 | D:11     | Got a scorched crystal amulet
 13194 | D:11     | Identified the amulet of No Interval {Inacc *Drain +Inv rC+
                  | Int+3} (You found it on level 11 of the Dungeon)
 13358 | D:12     | Received a gift from Okawaru
 13380 | D:12     | Got a spiked ring mail {god gift}
 13391 | D:12     | Identified the +1 ring mail "Riselem" {rPois Slay+5 Stlth+}
                  | (Okawaru gifted it to you on level 12 of the Dungeon)
 13961 | D:12     | Noticed a two-headed ogre
 13974 | D:12     | Killed a two-headed ogre
 14456 | D:12     | Noticed Azrael
 14498 | D:12     | Killed from afar by Azrael

Illustrated notes

Levels and vault maps discovered:
D:1:      kennysheep_arrival_seaside, layout_basic
D:2:      layout_rooms
D:3:      layout_basic, uniq_natasha, uniq_terence, uniq_grinder
D:4:      layout_rooms, minmay_temple_entry_statues_fountains, serial_rivers,
          chequers_serial_rivers_micro_b, chequers_serial_rivers_micro_a,
          chequers_serial_rivers_micro_d, chequers_serial_rivers_micro_a,
          chequers_serial_rivers_micro_e, uniq_edmund, uniq_menkaure
D:5:      layout_layer_cave
D:6:      layout_basic, grunt_qazlal_clouds, nicolae_ossuary_entry_plus,
          kennysheep_nondescript, grunt_ministairs_6, uniq_duvessa
D:7:      layout_basic, grunt_decor_cap
D:8:      layout_basic, due_lair_maze_entry_diamond, uniq_maurice, uniq_pikel
D:9:      layout_basic, serial_shops, shop_fountains
D:10:     layout_basic, zombieorc2_lemuel
D:11:     minmay_inside_and_out, layout_long_grid, basic_altar, special_room
          [special_room_orc], gammafunk_ghost_wrathful_warriors,
          minmay_crystal_water, minmay_misc_feat_diagonals, uniq_josephine
D:12:     layout_long_grid, gauntlet_entry_generic, the_bakery, uniq_azrael
Temple:   compressed_dpeg_circular_temple

Skill      XL: |  1  2  3  4  5  6  7  8  9 10 11 12 |
---------------+-------------------------------------+-----
Fighting       | 4 5 6 8 9 10 11 | 11.2
Shields        | 4 5 6 7 8 10 11 13 | 13.0
Armour         | 4 5 6 7 8 10 12 | 12.1
Long Blades    | 4 5 7 8 10 11 14 | 14.5
Dodging        | 1 3 4 5 |  5.9
Stealth        | 1 |  1.2
Invocations    | |  0.7
Evocations     | |  0.5

Action                   |  1- 3 |  4- 6 |  7- 9 | 10-12 || total
-------------------------+-------+-------+-------+-------++-------
Melee: Long sword        |    62 |    89 |   367 |   151 ||   669
       Headbutt          |     9 |    14 |    84 |   341 ||   448
       Falchion          |       |       |       |   909 ||   909
Invok: Heroism           |       |       |       |     7 ||     7
Evoke: Wand              |       |       |       |     3 ||     3
  Use: Scroll            |     4 |     1 |     8 |     8 ||    21
       Potion            |     3 |     1 |     2 |     5 ||    11
Armor: Scale mail        |    18 |       |       |       ||    18
       Chain mail        |    17 |    47 |   165 |   334 ||   563
Dodge: Dodged            |    13 |    15 |    79 |   228 ||   335
Block: Kite shield       |    22 |    26 |   180 |   504 ||   732
       Reflection        |       |       |       |     1 ||     1
       Rpst.: Long sword |     3 |     4 |    25 |     9 ||    41
       Falchion          |       |       |       |    57 ||    57

Table legend: (Time is in decaauts)
 A = Elapsed time spent in this place.
 B = Non-inter-level travel time spent in this place.
 C = Inter-level travel time spent in this place.
 D = Time resting spent in this place.
 E = Time spent auto-exploring this place.
 F = Levels seen in this place.
 G = Mean time per level.
                   A        B        C        D        E       F      G
               +--------+--------+--------+--------+--------+-----+--------+
         Total |  14368 |  13871 |    497 |    800 |   8852 |  15 |  957.9 |
       Dungeon |  12931 |  12434 |    497 |    440 |   8589 |  12 | 1077.6 |
        Temple |    225 |    225 |      0 |    124 |      3 |   1 |  225.0 |
       Ossuary |    520 |    520 |      0 |     26 |    237 |   1 |  520.0 |
      Gauntlet |    690 |    690 |      0 |    210 |     23 |   1 |  690.0 |
               +--------+--------+--------+--------+--------+-----+--------+

Top non-repeatable levels by time:
    D:11: 1883 daAuts
     D:7: 1431 daAuts
     D:3: 1381 daAuts
     D:5: 1336 daAuts
    D:10: 1213 daAuts
    D:12: 1146 daAuts
     D:6: 1092 daAuts
     D:9: 1070 daAuts
     D:4: 691 daAuts
Gauntlet: 690 daAuts
     D:1: 625 daAuts
     D:2: 612 daAuts
 Ossuary: 520 daAuts
     D:8: 447 daAuts
  Temple: 225 daAuts
